 Dungeon Crawl Stone Soup version 0.27-a0-95-g5a9077b8ae (webtiles) character file.

Game seed: 1489095557345437180

88 KristoblXynda the Slasher (level 4, 0/38 HPs)
             Began as a Draconian Gladiator on Jan 18, 2021.
             Slain by a crimson imp (4 damage)
             ... summoned by Natasha
             ... on level 2 of the Dungeon.
             The game lasted 00:02:18 (1353 turns).

KristoblXynda the Slasher (Draconian Gladiator)     Turns: 1353, Time: 00:02:19

Health: 0/38       AC:  5    Str: 17    XL:     4   Next: 30%
Magic:  4/4        EV: 13    Int:  9    God:
Gold:   111        SH:  0    Dex: 12    Spells: 3/3 levels left

rFire    . . .     SeeInvis .   a - +0 long sword
rCold    . . .     Faith    .   (no shield)
rNeg     . . .     Spirit   .   (armour unavailable)
rPois    .         Reflect  .   b - +0 hat
rElec    .         Harm     .   (no cloak)
rCorr    .         Rampage  .   (no gloves)
Will     .....                  (no boots)
Stlth    +.........             (no amulet)
HPRegen  0.12/turn              (no ring)
MPRegen  0.09/turn              (no ring)

@: about to teleport, flying, slowed, very slow
A: unfitting armour, cold-blooded, AC +5
a: no special abilities


You were on level 2 of the Dungeon.
You visited 1 branch of the dungeon, and saw 2 of its levels.

You collected 111 gold pieces.

Inventory:

Hand Weapons
 a - a +0 long sword (weapon)
Missiles
 c - 3 throwing nets (quivered)
Armour
 b - a +0 hat (worn)
 d - a +0 buckler
Scrolls
 f - a scroll of noise
 g - a scroll of identify
 i - a scroll of enchant armour {unknown}
 j - a scroll of magic mapping {unknown}


   Skills:
 + Level 3.1 Fighting
 * Level 4.1 Long Blades
 - Level 2.0 Throwing
 + Level 3.3 Dodging


You had 3 spell levels left.
You didn't know any spells.
Your spell library contained the following spells:

 Spells                   Type           Power        Failure   Level
 Magic Dart               Conj           0%           38%         1


Dungeon Overview and Level Annotations

Branches:
Dungeon (2/15)

Altars:
Kikubaaqudgha
Sif Muna
Vehumet

Annotations:
D:2 Natasha


Innate Abilities, Weirdness & Mutations

Your plain brown scales are hard. (AC +5)
You cannot fit into any form of body armour.
You are cold-blooded and may be slowed by cold attacks.


Message History

[Y]es or [N]o only, please.
Really abort (and waste the scroll)? [Y]es or [N]o only, please.
Really abort (and waste the scroll)?
f - a scroll of noise The hobgoblin hits you with a +0 hand axe.
* * * LOW HITPOINT WARNING * * *
The crimson imp barely misses you.
You riposte.
You hit the crimson imp.
The crimson imp is moderately wounded.
The hobgoblin barely misses you.
You riposte.
You barely miss the hobgoblin.
You aren't carrying any potions.
Unknown command.
A rat comes into view.
Natasha mumbles some strange words.
The crimson imp barely misses you.
You aren't carrying any potions.
As you read the scroll labelled FEUTIQ LYISS, it crumbles to dust.
You feel strangely unstable.
It was a scroll of teleportation.
The crimson imp hits you.
You die...

#.#.#......r....
#...............
(.##.......5..# ## .
#(............# .# ..
)....)..†.....# .# ...
.#.....†.....####.##....
.......).....#.......r..
..............h##.......
...#..........g5@.......
...#.........####.#...##
...#........## ... .#
.#...........## .....
##............#. ...#.#
#............. ..## .#
#...........#.. .## .
#...........#.#..#
##...#.##.####.#..


You could see Natasha, a crimson imp (summoned), a hobgoblin and a rat.

Vanquished Creatures
  Natasha (D:2)
  An ooze (D:1)
  A worm (D:2)
  3 leopard geckos (D:1)
  6 bats
  5 giant cockroaches
  6 hobgoblins
  4 jackals (D:1)
  10 kobolds
  4 frilled lizards
  6 goblins
  6 rats
53 creatures vanquished.

Notes
Turn   | Place    | Note
-------+----------+-------------------------------------------
     0 | D:1      | KristoblXynda the Draconian Gladiator began the quest for
                  | the Orb.
     0 | D:1      | Reached XP level 1. HP: 17/17 MP: 1/1
    93 | D:1      | Reached XP level 2. HP: 25/25 MP: 2/2
   192 | D:1      | Reached XP level 3. HP: 13/30 MP: 3/3
  1054 | D:2      | Found an ancient bone altar of Kikubaaqudgha.
  1059 | D:2      | Found a radiant altar of Vehumet.
  1062 | D:2      | Identified Vehumet's Grimoire of Combat Magic
  1066 | D:2      | Found a shimmering blue altar of Sif Muna.
  1188 | D:2      | Noticed Natasha
  1198 | D:2      | Killed Natasha
  1199 | D:2      | Reached skill level 4 in Long Blades
  1199 | D:2      | Reached XP level 4. HP: 27/38 MP: 4/4
  1332 | D:2      | Noticed Natasha
  1353 | D:2      | Slain by a crimson imp

Illustrated notes

Levels and vault maps discovered:
D:1:      ebering_hopf_link, layout_loops_ring, st_stairs_11
D:2:      layout_rooms, grunt_temple_overflow_magic_moments, uniq_natasha

Skill      XL: |  1  2  3 |
---------------+----------+-----
Throwing       | 2 |  2.0
Dodging        | 3 |  3.3
Fighting       | 3 |  3.1
Long Blades    | 4 |  4.1

Action                   |  1- 3 |  4- 6 || total
-------------------------+-------+-------++-------
Melee: Long sword        |   125 |    22 ||   147
       Tailslap          |    11 |     2 ||    13
  Use: Scroll            |       |     2 ||     2
       Potion            |       |     2 ||     2
Armor: Skin              |    47 |     9 ||    56
Dodge: Dodged            |   110 |    34 ||   144
       Rpst.: Long sword |    30 |    12 ||    42

Table legend: (Time is in decaauts)
 A = Elapsed time spent in this place.
 B = Non-inter-level travel time spent in this place.
 C = Inter-level travel time spent in this place.
 D = Time resting spent in this place.
 E = Time spent auto-exploring this place.
 F = Levels seen in this place.
 G = Mean time per level.
                   A        B        C        D        E       F      G
               +--------+--------+--------+--------+--------+-----+--------+
         Total |   1394 |   1375 |     19 |    240 |    746 |   2 |  697.0 |
       Dungeon |   1394 |   1375 |     19 |    240 |    746 |   2 |  697.0 |
               +--------+--------+--------+--------+--------+-----+--------+

Top non-repeatable levels by time:
     D:1: 1000 daAuts
     D:2: 393 daAuts
